 Dungeon Sprint DCSS version 0.30.1-9-gdf580d7c3d (webtiles) character file.

Game seed: 17303307874968777748

159 Joey1 the Carver (level 5, 0/72 HPs)
             Began as a Minotaur Fighter on Oct 12, 2023.
             Was an Initiate of Gozag.
             Slain by a troll (6 damage)
             ... in the Dungeon (Sprint IX: "|||||||||||||||||||||||||||||").
             The game lasted 00:01:31 (140 turns).

Joey1 the Carver (Minotaur Fighter)                  Turns: 140, Time: 00:01:31

Health: 0/72       AC: 10    Str: 27    XL:     5   Next: 17%
Magic:  4/4        EV: 10    Int:  5    God:    Gozag
Gold:   0          SH:  5    Dex: 11    Spells: 4/4 levels left

rFire   . . .        a - +0 long sword
rCold   . . .        c - +0 buckler
rNeg    . . .        p - +1 scale mail
rPois   .            (helmet restricted)
rElec   .            o - +0 cloak
rCorr   .            (no gloves)
SInv    .            n - +0 pair of boots
Will    .....        (no amulet) Stlth
                     q - +3 ring of strength
HPRegen 0.32/turn    r - +3 ring of strength
MPRegen 0.09/turn

%: no teleportation
@: berserking, gold aura, very quick
A: horns 2, retaliatory headbutt
a: Renounce Religion, Potion Petition, Call Merchant, Bribe Branch


You were in the Dungeon.
You worshipped Gozag.
Gozag was noncommittal.
You visited 1 branch

Inventory:

Hand Weapons
 a - a +0 long sword (weapon)
Armour
 b - a +0 scale mail
 c - a +0 buckler (worn)
 n - a +0 pair of boots (worn)
 o - a +0 cloak (worn)
 p - a +1 scale mail (worn)
Jewellery
 q - a +3 ring of strength (left hand)
 r - a +3 ring of strength (right hand)
Wands
 m - a wand of light (10)
Scrolls
 j - 2 scrolls of blinking
 l - 2 scrolls of amnesia
Potions
 d - a potion of might
 e - 5 potions of curing
 f - 3 potions of heal wounds
 g - a potion of haste
 h - 4 potions of magic
 k - a potion of invisibility


   Skills:
 - Level 5.0 Fighting
 * Level 11.0 Long Blades
 - Level 5.0 Armour
 + Level 2.0 Dodging
 - Level 5.0 Shields


You had 4 spell levels left.
You didn't know any spells.
Your spell library was empty.

Dungeon Overview and Level Annotations

Branches:
Dungeon (1/1)

Altars:
Cheibriados
Dithmenos
Elyvilon
Fedhas
Gozag
Hepliaklqana
Kikubaaqudgha
Makhleb
Nemelex Xobeh
Okawaru
Qazlal
Ru
Sif Muna
Trog
Uskayaw
Vehumet
Wu Jian
Xom
Yredelemnul
Zin
The Shining One
Jiyva
Lugonu


Innate Abilities, Weirdness & Mutations

You have a pair of horns on your head.
You reflexively headbutt those who attack you in melee.


Message History

The troll is moderately wounded.
The centaur is distracted by your dazzling golden aura.
The troll closely misses you. You furiously retaliate!
You headbutt the troll. The troll claws you.
The troll claws you but does no damage.
You hit the troll.
The troll is moderately wounded.
The troll is distracted by your dazzling golden aura.
You slash the troll!
The troll is no longer distracted by gold.
Your headbutt misses the troll.
The troll is heavily wounded.
The centaur is no longer distracted by gold.
The troll bites you but does no damage. The troll claws you.
The troll claws you but does no damage.
You hit the troll but do no damage. Your headbutt misses the troll.
The troll is heavily wounded.
The troll barely misses you. You block the troll's attack. The troll claws you.
You barely miss the troll. Your headbutt misses the troll.
The troll is heavily wounded.
The troll bites you but does no damage. The troll closely misses you.
The troll claws you but does no damage.
You closely miss the troll.
The troll is heavily wounded.
The troll bites you! The troll claws you. x2
The two-headed ogre is distracted by your dazzling golden aura.
The two-headed ogre shouts in stereo!
You hit the troll. Your headbutt misses the troll.
The troll is heavily wounded.
A red film seems to cover your vision as you go berserk!
You feel yourself moving faster!
You feel mighty! The troll bites you!
* * * LOW HITPOINT WARNING * * *
The troll claws you.
* * * LOW HITPOINT WARNING * * *
The troll claws you!
* * * LOW HITPOINT WARNING * * *
You slash the troll! Your headbutt misses the troll.
The troll is almost dead.
The troll bites you.
You die...
Your body crumbles into a pile of gold. ▓▓▓▓▓▓▓▓▓▓▓▓▓▓▓▓▓▓▓▓▓▓▓▓ _______'..).....@TOcTK.. ▓▓▓▓▓▓▓▓▓▓▓▓▓▓▓▓▓▓▓▓▓▓▓▓ $ $$$$$$ $$$$$ $ $ $ $$$$$

You could see a two-headed ogre, 2 trolls, a kobold brigand and a centaur.

Vanquished Creatures
  A centaur (D)
  A jelly (D)
  An iguana (D)
  An adder (D)
  An ufetubus (D)
  2 endoplasms (D)
  A giant cockroach (D)
  A quokka (D)
  2 rats (D)
11 creatures vanquished.

Notes
Turn   | Place    | Note
-------+----------+-------------------------------------------
     0 | D        | Joey1 the Minotaur Fighter began the quest for the Orb.
     0 | D        | Reached XP level 1. HP: 19/19 MP: 0/0
    11 | D        | Reached skill level 3 in Long Blades
    19 | D        | Noticed a jelly
    19 | D        | Noticed an iguana
    21 | D        | Killed a jelly
    22 | D        | Reached skill level 5 in Fighting
    22 | D        | Reached skill level 5 in Long Blades
    22 | D        | Reached skill level 5 in Armour
    22 | D        | Reached skill level 5 in Shields
    22 | D        | Reached XP level 2. HP: 22/29 MP: 1/1
    22 | D        | Reached XP level 3. HP: 28/36 MP: 2/2
    25 | D        | Reached skill level 7 in Long Blades
    32 | D        | Reached XP level 4. HP: 36/42 MP: 3/3
    54 | D        | Found a snail-covered altar of Cheibriados.
    54 | D        | Found a shadowy altar of Dithmenos.
    54 | D        | Found a white marble altar of Elyvilon.
    54 | D        | Found a blossoming altar of Fedhas.
    54 | D        | Found an opulent altar of Gozag.
    55 | D        | Found a hazy altar of Hepliaklqana.
    56 | D        | Found a viscous altar of Jiyva.
    57 | D        | Found an ancient bone altar of Kikubaaqudgha.
    58 | D        | Found a corrupted altar of Lugonu.
    59 | D        | Found a burning altar of Makhleb.
    60 | D        | Found a sparkling altar of Nemelex Xobeh.
    61 | D        | Found an iron altar of Okawaru.
    62 | D        | Found a stormy altar of Qazlal.
    63 | D        | Found a sacrificial altar of Ru.
    64 | D        | Found a shimmering blue altar of Sif Muna.
    68 | D        | Became a worshipper of Gozag Ym Sagoz the Greedy
    72 | D        | Found a bloodstained altar of Trog.
    73 | D        | Found a hide-covered altar of Uskayaw.
    74 | D        | Found a radiant altar of Vehumet.
    75 | D        | Found an ornate altar of the Wu Jian Council.
    76 | D        | Found a shimmering altar of Xom.
    77 | D        | Found a basalt altar of Yredelemnul.
    78 | D        | Found a glowing silver altar of Zin.
    79 | D        | Found a glowing golden altar of the Shining One.
   127 | D        | Noticed a centaur
   127 | D        | Noticed a troll
   127 | D        | Noticed a two-headed ogre
   127 | D        | Noticed a centaur
   127 | D        | Noticed a troll
   127 | D        | Noticed a kobold brigand
   130 | D        | Killed a centaur
   131 | D        | Reached skill level 11 in Long Blades
   131 | D        | Reached XP level 5. HP: 48/48 MP: 4/4
   140 | D        | Slain by a troll

Illustrated notes

Levels and vault maps discovered:
D:        linesprint [early_d, line_temple, items_1, d_10, items_2, lair_1,
          lair_end, items_3, orc_1, orc_end, items_4, d_15, swamp_1, shoals_1,
          snake_1, spider_1, d_20, vaults_1, items_5, swamp_end, shoals_end,
          snake_end, spider_end, vaults_end, d_27, items_6, zot_1, zot_end,
          crypt_end, forest_end, elf_end, slime_end, tomb_end, abyss_end,
          pan_hell_end]

Skill      XL: |  1  2  3  4 |
---------------+-------------+-----
Fighting       | 5 |  5.0
Armour         | 5 |  5.0
Shields        | 5 |  5.0
Long Blades    | 5 7 11 | 11.0
Dodging        | 2 |  2.0

Action                     |  1- 3 |  4- 6 || total
---------------------------+-------+-------++-------
  Melee: Long sword        |    20 |    12 ||    32
         Headbutt          |     4 |     3 ||     7
    Use: Potion            |       |     1 ||     1
 Armour: Scale mail        |     6 |     5 ||    11
  Dodge: Dodged            |    10 |     8 ||    18
  Block: Buckler           |     4 |     4 ||     8
